 Dungeon Crawl Stone Soup version 0.13.0-9-gbc74161 (webtiles) character file.

573 MackTheKnife the Charmwright (level 6, -1/39 HPs)
             Began as a High Elf Skald on Oct 17, 2013.
             Killed from afar by an orc wizard (10 damage)
             ... with a magic dart
             ... on Level 5 of the Dungeon.
             The game lasted 00:09:28 (5806 turns).

MackTheKnife the Charmwright (High Elf Skald)       Turns: 5806, Time: 00:09:29

HP  -1/39        AC  4     Str 12      XL: 6   Next: 35%
MP  16/16        EV 13     Int 17      God:
Gold 219         SH  0     Dex 15      Spells:  3 memorised,  4 levels left

Res.Fire  : . . .   See Invis. : .   l - +2,+1 whip (elec)
Res.Cold  : . . .   Warding    : .   b - +0 elf leather armour
Life Prot.: . . .   Conserve   : .   (no shield)
Res.Poison: .       Res.Corr.  : .   m - +0 orc crested helmet (curse)
Res.Elec. : .       Clarity    : .   (no cloak)
Sust.Abil.: . .     Spirit.Shd : .   (no gloves)
Res.Mut.  : .       Stasis     : .   (no boots)
Res.Rott. : .       Flight     : .   (no amulet)
Saprovore : . . .                    (no ring)
                                     (no ring)

@: slightly resistant to hostile enchantments, unstealthy
A: no striking features
a: no special abilities


You were on level 5 of the Dungeon.
You were not hungry.

You visited 1 branch of the dungeon, and saw 5 of its levels.

You collected 199 gold pieces.

Inventory:

Hand weapons
 a - a +0,+0 elven falchion
 l - a +2,+1 whip of electrocution (weapon)
 o - a +2,+0 trident of dragon slaying
Armour
 b - a +0 elven leather armour (worn)
 m - a cursed +0 orcish crested helmet (worn)
 n - a +1 scale mail of fire resistance
 q - a +0 buckler
Comestibles
 d - 3 bread rations
 j - a lychee
 k - 2 meat rations
 p - 3 chokos
 v - 3 rotting chunks of orc flesh
 x - 2 chunks of orc flesh
Scrolls
 e - a scroll of remove curse {unknown}
 f - 6 scrolls of identify {unknown}
 h - a scroll of enchant armour {unknown}
 i - 5 scrolls of teleportation {unknown}
 t - a scroll of blinking {unknown}
Potions
 g - a potion of flight {unknown}
 r - a potion of heal wounds {unknown}
 s - a potion of blood {unknown}
 u - a potion of curing {unknown}
Books
 c - a book of Battle

   Spells                             Type                      Level
   *Infusion                          Charms                       1
   Shroud of Golubria                 Charms/Translocation         2
   Song of Slaying                    Charms                       2
   *Spectral Weapon                   Hexes/Charms                 3
   *Regeneration                      Charms/Necromancy            3
   Song of Shielding                  Charms                       4


   Skills:
 - Level 2.0 Fighting
 - Level 3.3 Long Blades
 - Level 0.8 Armour
 + Level 4.3 Dodging
 - Level 3.2 Spellcasting
 + Level 6.3 Charms


You had 4 spell levels left.
You knew the following spells:

 Your Spells              Type           Power        Failure   Level  Hunger
a - Infusion              Chrm           ###...       1%          1    None
b - Regeneration          Chrm/Necr      ##........   17%         3    ###....
c - Spectral Weapon       Hex/Chrm       ##......     17%         3    ###....


Dungeon Overview and Level Annotations

Branches:
Dungeon (5/27)
 Temple: D:4-7

Altars:
Trog

Shops:
D:5 ((


Message History

Deactivating autopickup; reactivate with Ctrl-A.
Things that are here:
an orcish club; an orcish leather armour The puff of flame hits your spectral weapon.
Your spectral weapon resists.
Your spectral weapon shares its damage with you!
* * * LOW HITPOINT WARNING * * *
There is an entrance to Qes Muh's Weapon Shop here.
Your skin stops crawling.
The orc throws an orcish club.
The orcish club hits something.
You smell something rotten. (slot v)
Your spectral weapon fades away.
The magic dart hits you!
* * * LOW HITPOINT WARNING * * *
The puff of flame misses you. The magic dart hits you!
* * * LOW HITPOINT WARNING * * *
There is an open door here.
The magic dart hits you!
You die...

#.# #.# #.# #.### ##'#### #...#
#.....# #####'##### #.....#
#...........# #..∩..#
#######.......#####
.##.....###.....#........#######
.................'...............
#.###......#.###@#............###
#........#.#+###.#.######.....#
######...[..##<#.# #.....#
#......####.# ###.###
#......+....# #.# #......##...###
#.# ## #..<..........# #.# #)
#.............# #.# #o
#.#####.......# #.# #.


There were no monsters in sight!

Vanquished Creatures
  A crimson imp (D:5)
  2 orc priests (D:3)
  An orc wizard (D:5)
  A scorpion (D:4)
  A worker ant (D:5)
  An iguana (D:5)
  Terence (D:2)
  2 adders
  A giant mite (D:2)
  2 worms (D:3)
  2 giant eyeballs (D:5)
  17 orcs
  3 giant cockroaches
  6 hobgoblins
  2 quokkas (D:3)
  3 ball pythons
  12 bats
  3 giant geckos
  5 giant newts
  5 goblins
  A goblin skeleton (D:4)
  8 kobolds
  A kobold zombie (D:5)
  15 rats
96 creatures vanquished.

Notes
Turn   | Place    | Note
--------------------------------------------------------------
     0 | D:1      | MackTheKnife, the High Elf Skald, began the quest for the Orb.
     0 | D:1      | Reached XP level 1. HP: 13/13 MP: 4/4
   468 | D:1      | Reached XP level 2. HP: 15/18 MP: 6/6
   555 | D:1      | Reached skill level 4 in Charms
  1277 | D:2      | Reached XP level 3. HP: 20/23 MP: 9/9
  1323 | D:2      | Learned a level 3 spell: Regeneration
  1327 | D:2      | Learned a level 3 spell: Spectral Weapon
  1667 | D:2      | Found a bloodstained altar of Trog.
  1912 | D:2      | Noticed Terence
  1924 | D:2      | Killed Terence
  2868 | D:3      | Reached XP level 4. HP: 21/29 MP: 12/12
  3373 | D:3      | Reached skill level 5 in Charms
  3389 | D:3      | Reached XP level 5. HP: 34/34 MP: 9/14
  4955 | D:5      | Entered Level 5 of the Dungeon
  4994 | D:5      | Paralysed by a giant eyeball for 4 turns
  5010 | D:5      | Found Miod Eme's Antique Weapon Boutique.
  5018 | D:5      | Paralysed by a giant eyeball for 4 turns
  5043 | D:5      | Reached skill level 6 in Charms
  5043 | D:5      | Reached XP level 6. HP: 37/39 MP: 12/16
  5318 | D:5      | Found Qes Muh's Weapon Shop.
  5806 | D:5      | Killed from afar by an orc wizard

Action                   |  1- 3 |  4- 6 || total
-------------------------+-------+-------++-------
Melee: Falchion          |    82 |       ||    82
       Whip              |    65 |   149 ||   214
 Cast: Spectral Weapon   |     3 |    12 ||    15
       Regeneration      |       |     2 ||     2
 Stab: Sleeping          |     1 |     2 ||     3
